 Dungeon Crawl Stone Soup version 0.25.1-9-gc5326a611f (webtiles) character file.

Game seed: 661554081915208793

106 Clowwww the Chiller (level 4, 0/24 HPs)
             Began as a Deep Elf Ice Elementalist on Dec 29, 2020.
             Killed from afar by an orc wizard (6 damage)
             ... with a magic dart
             ... on level 3 of the Dungeon.
             The game lasted 00:07:42 (2729 turns).

Clowwww the Chiller (Deep Elf Ice Elementalist)     Turns: 2729, Time: 00:07:42

Health: 0/24       AC:  4    Str:  5    XL:     4   Next: 55%
Magic:  7/12       EV: 13    Int: 21    God:
Gold:   67         SH:  0    Dex: 15    Spells: 5/12 levels left

rFire    . . .     SeeInvis .   t - +0 quarterstaff
rCold    . . .     Gourm    .   (shield currently unavailable)
rNeg     . . .     Faith    .   a - +0 robe
rPois    .         Spirit   .   (no helmet)
rElec    .         Reflect  .   (no cloak)
rCorr    .         Harm     .   o - +0 pair of gloves
MR       .....                  v - +0 pair of boots
Stlth    ++........             (no amulet)
HPRegen  0.08/turn              (no ring)
MPRegen  0.13/turn              (no ring)

@: frozen ramparts, very slightly contaminated
A: no striking features
a: no special abilities


You were on level 3 of the Dungeon.
You were not hungry.

You visited 1 branch of the dungeon, and saw 3 of its levels.

You collected 67 gold pieces.

Inventory:

Hand Weapons
 t - a +0 quarterstaff (weapon)
Armour
 a - a +0 robe (worn)
 o - a +0 pair of gloves (worn)
 v - a +0 pair of boots (worn)
Jewellery
 f - an uncursed ring of fire
Scrolls
 b - a scroll of remove curse
 p - 2 scrolls of magic mapping
Potions
 d - 2 potions of flight
 e - a potion of berserk rage
 i - a potion of heal wounds
 j - 2 potions of might
 k - a potion of mutation
 q - a potion of degeneration
 r - a potion of curing {unknown}
 s - 2 potions of magic {unknown}
Comestibles
 c - 3 rations
 g - a chunk of flesh


   Skills:
 + Level 0.1 Fighting
 + Level 0.5 Staves
 + Level 2.9 Dodging
 + Level 2.5 Stealth
 + Level 4.7 Spellcasting
 + Level 5.4 Ice Magic


You had 5 spell levels left.
You knew the following spells:

 Your Spells              Type           Power        Failure   Level  Hunger
a - Freeze                Ice            ####         1%          1    None
b - Frozen Ramparts       Ice            ####..       3%          3    ##.....
c - Ozocubu's Armour      Chrm/Ice       ###.....     11%         3    ##.....

Your spell library contained the following spells:

 Spells                   Type           Power        Failure   Level  Hunger
 Hailstorm                Conj/Ice       ###.....     36%         4    ####...
 Summon Ice Beast         Ice/Summ       ###.....     36%         4    ####...


Dungeon Overview and Level Annotations

Branches:
Dungeon (3/15)

Altars:
Cheibriados
Fedhas


Message History

The orc wizard gestures at you while chanting.
The puff of flame hits you!
The orc wizard gestures at you while chanting.
The puff of frost misses you.
Found an escape hatch in the floor.
Casting: Ozocubu's Armour (quite dangerous; 11% risk of failure)
Confirm with . or Enter, or press ? or * to list all spells.
The spell is quite dangerous to cast (3% risk of failure)!
Continue anyway?
The walls around you are covered in ice.
The orc wizard casts a spell at you. The magic dart hits you!
* * * LOW HITPOINT WARNING * * *
The wall freezes the orc wizard.
The wall freezes the orc wizard.
The orc wizard points at you and mumbles some strange words.
The puff of frost misses you.
The wall freezes the orc wizard.
The orc wizard casts a spell at you. The magic dart hits you.
You die...

,,#............#.#.#.#>*.#.#.....
,,#......†...[#.#.#.#.#.*,*,,,,,,
,,######.#.#.#.#.#.#.#.#,*,*,,,,,
,,* #.#.#.#.#.#.#.#.#,*,*,,,,,,
,,* ##.#.#.#.#.#.#.#,*,*,*,*,**
,,* #.#.#.#o#.#.#.#,*,*,*,*,,*
*** ##.#.#.#o#.#.#.#,*,*,*,*,#
#.#.#.#.#.#.#.#.#,*,*,#..#
##.#.#.#.#@#.#.#.#.#.#(#.#
#.#.#.....#.#.#.#.#.#.#..#
##.#.#...#.#.#.#.#.#.#.#.#*
#.....>...#.#.#.......#..,,
##.......#.#.#.#.....#.##**
#.........#.#.#.......#.#*,
##.......#.#.#.#.÷...#.##*,
#.........#.#.#.......#.#*,
##.......#.#.#.#.....#.#...


You could see an orc wizard (fast) and an orc.

Vanquished Creatures
  A worker ant (D:3)
  Robin (D:3)
  An adder (D:3)
  An ooze (D:2)
  2 worms (D:2)
  2 dart slugs (D:2)
  3 leopard geckos
  5 bats
  3 giant cockroaches
  9 goblins
  7 hobgoblins
  3 ball pythons
  A frilled lizard (D:2)
  5 kobolds
  3 rats
47 creatures vanquished.

Notes
Turn   | Place    | Note
-------+----------+-------------------------------------------
     0 | D:1      | Clowwww the Deep Elf Ice Elementalist began the quest for
                  | the Orb.
     0 | D:1      | Reached XP level 1. HP: 10/10 MP: 6/6
   416 | D:1      | Reached XP level 2. HP: 15/15 MP: 6/8
   992 | D:2      | Reached skill level 5 in Ice Magic
  1054 | D:2      | Reached XP level 3. HP: 7/19 MP: 3/10
  1529 | D:2      | Found a blossoming altar of Fedhas.
  2090 | D:3      | Noticed Robin
  2103 | D:2      | Learned a level 3 spell: Frozen Ramparts
  2122 | D:3      | Killed Robin
  2122 | D:3      | Reached XP level 4. HP: 13/24 MP: 6/12
  2450 | D:3      | Found a snail-covered altar of Cheibriados.
  2678 | D:3      | Learned a level 3 spell: Ozocubu's Armour
  2729 | D:3      | Killed from afar by an orc wizard

Illustrated notes

Levels and vault maps discovered:
D:1:      roderic_dead_forest, layout_loops_corners
D:2:      layout_rooms, first_ration, fedhas_altar_3
D:3:      layout_basic, cheibriados_altar_1, uniq_robin

Skill      XL: |  1  2  3 |
---------------+----------+-----
Ice Magic      | 5 |  5.4
Spellcasting   | 4 |  4.7
Fighting       | |  0.1
Staves         | |  0.5
Dodging        | |  2.9
Stealth        | |  2.5

Action                   |  1- 3 |  4- 6 || total
-------------------------+-------+-------++-------
Melee: Unarmed           |     3 |       ||     3
       Quarterstaff      |    16 |     7 ||    23
 Cast: Freeze            |    46 |     4 ||    50
       Frozen Ramparts   |     2 |     1 ||     3
       Ozocubu's Armour  |       |     1 ||     1
  Use: Scroll            |       |    16 ||    16
       Potion            |       |     2 ||     2
  Eat: Chunk             |     3 |       ||     3
       Ration            |       |     1 ||     1
Armor: Robe              |    11 |     2 ||    13
Dodge: Dodged            |    30 |    12 ||    42
